cohdb
Replays
Latest Replays
All Replays
Popular Replays
Top Player Replays
Match Explorer
How It Works
Community
CoH3 Stats
Reddit
Sign in to upload your games and track your stats! →
Sign in with Steam
Match 34270323
Unlisted
Match 34270323
Overview
Messages
Build Orders
End
Royal Engineer Section
Construct Section Command Post
Selects Air and Sea Battlegroup
Infantry Section
Infantry Section
Grenade Package
Selects Supply Surplus
Construct Field Infirmary
Forward Retreat Point
Construct Platoon Command Post
Humber Armored Car
Infantry Section
6-pounder Anti-tank Gun Team
Selects Centaur Medium Tank
Centaur Medium Tank
Royal Engineer Section
Selects Commando Section Paradrop
Commando Section Paradrop
Centaur Medium Tank
Royal Engineer Section
Emilioboka
Sof Ya Nos
0
0
Comments
sign in to comment!
No comments posted yet!